Map: Ulrena

Players

Elazer

  • Race: Zerg Zerg
  • League: Grandmaster

NoRegreT - Winner!

  • Race: Zerg Zerg
  • League: Grandmaster

Event: Homestory Cup XII

VOD

Have the link to the VOD?

Description

Time

  • Played on: Dec. 18, 2015, 4:42 p.m.
  • Length: 7:05

All games in this series

Show
View Real Time Build Order
Export as new Build Order

Elazer Zerg 

Build Orders: Pool First, Zergling Baneling 

Get SALT Encoding   

  12  0:00  Drone  
  13  0:13  Overlord  
  13  0:17  Drone  
  14  0:31  Drone x2  
  14  0:35  Drone  
  17  0:36  Extractor  
  16  0:48  Spawning Pool  
  15  0:51  Drone  
  15  0:56  Drone  
  17  1:07  Drone  
  18  1:18  Overlord  
  18  1:34  Queen  
  18  1:35  Metabolic Boost, Zergling x2  
  21  1:42  Zergling x2  
  22  1:54  Hatchery  
  22  1:57  Zergling x2  
  22  2:06  Baneling Nest  
  22  2:07  Zergling x2  
  22  2:18  Queen  
  24  2:24  Zergling x2  
  24  2:26  Zergling x2  
  26  2:36  Zergling x2  
  27  2:43  Overlord  
  27  2:45  Zergling x4  
  27  2:50  Baneling  
  27  2:51  Baneling x2  
  29  3:00  Drone  
  29  3:04  Drone  
  31  3:09  Drone x2  
  31  3:18  Drone  
  31  3:19  Drone  
  29  3:26  Queen  
  31  3:29  Drone x2  
  31  3:32  Drone  
  34  3:34  Baneling  
  34  3:35  Baneling  
  34  3:40  Overlord  
  34  3:43  Baneling x2  
  34  3:46  Baneling  
  34  3:51  Zergling x4  
  36  4:02  Zergling x2  
  36  4:03  Zergling x8  
  38  4:12  Zergling x6  
  40  4:19  Zergling x4  
  39  4:30  Baneling x3  
  36  4:38  Queen x2  
  40  4:41  Overlord  
  40  4:43  Zergling x4  
  40  4:47  Drone x2  
  38  4:59  Zergling x6  
  41  5:00  Drone  
  42  5:11  Overlord  
  42  5:12  Drone x3  
  44  5:22  Drone x3  
  41  5:28  Overlord  
  40  5:39  Queen x2  
  44  5:43  Baneling x4  
  44  5:47  Zergling x6  
  41  6:05  Zergling x12  
  41  6:19  Zergling x4  
  41  6:23  Queen x2  
  44  6:29  Zergling x4  
  36  6:40  Zergling x4  
Show
View Real Time Build Order
Export as new Build Order

NoRegreT Zerg - Winner!

Build Orders: Hatch First, Zergling Baneling 

Get SALT Encoding   

  12  0:01  Drone  
  13  0:08  Drone  
  14  0:15  Drone, Extractor  
  14  0:25  Drone, Extractor  
  14  0:28  Overlord  
  16  0:50  Hatchery  
  16  0:53  Drone  
  16  0:56  Drone  
  17  1:06  Extractor  
  16  1:12  Spawning Pool  
  16  1:15  Drone  
  16  1:20  Drone  
  16  1:23  Drone  
  18  1:29  Drone  
  19  2:00  Queen  
  22  2:01  Zergling x2  
  22  2:02  Spine Crawler, Queen  
  22  2:04  Zergling x2  
  22  2:06  Zergling x2  
  25  2:12  Metabolic Boost  
  25  2:16  Drone  
  25  2:20  Drone  
  27  2:23  Drone  
  27  2:29  Overlord  
  28  2:37  Baneling Nest  
  28  2:41  Drone  
  28  2:48  Drone  
  28  2:49  Drone x2  
  31  2:55  Drone  
  31  2:56  Drone  
  33  3:03  Zergling x2  
  34  3:09  Zergling x2  
  34  3:12  Zergling x2  
  36  3:18  Zergling x8  
  35  3:22  Baneling  
  35  3:23  Baneling  
  35  3:26  Overlord  
  35  3:44  Overlord, Zergling x4  
  35  3:45  Zergling x4  
  35  3:48  Baneling x3  
  39  3:54  Drone x3  
  38  4:03  Baneling x2  
  38  4:07  Zergling x2  
  38  4:08  Baneling  
  37  4:11  Zergling x4  
  37  4:14  Zergling x4  
  40  4:19  Zergling x4  
  40  4:21  Zergling x2  
  40  4:25  Zergling x2  
  40  4:28  Zergling x2  
  40  4:34  Zergling x2  
  40  4:36  Baneling x2  
  40  4:37  Zergling x2  
  42  4:45  Zergling x2  
  42  4:47  Zergling x2  
  41  4:57  Zergling x2  
  41  4:59  Baneling x2  
  42  5:00  Zergling x4  
  42  5:01  Zergling x2  
  43  5:10  Zergling x4  
  42  5:15  Zergling x2  
  42  5:16  Zergling x4  
  42  5:17  Zergling x2  
  40  5:31  Zergling x2  
  40  5:32  Zergling x6  
  40  5:34  Baneling  
  40  5:35  Zergling x4  
  44  5:36  Baneling x2  
  44  5:42  Zergling x2  
  45  5:56  Zergling x4  
  46  5:59  Zergling x8  
  46  6:00  Zergling x2  
  43  6:20  Zergling x2  
  43  6:21  Zergling x2  
  43  6:23  Overlord  
  43  6:30  Zergling x2, Baneling  
  43  6:31  Zergling x2  
  42  6:33  Zergling x2  
  42  6:34  Zergling x2  
  42  6:35  Overlord x2  
  43  6:42  Zergling x4  
  43  6:45  Hatchery  
  40  6:50  Baneling  
Tags
 
Add a new tag
Caveats
  • Supply blocks, unpowered buildings, or Contaminate may cause inaccurate times.
  • Supply counts are checked every 10 seconds.